Map: Oxide LE

Players

uwuThermal (uThermal) - Winner!

  • Race: Terran Terran
  • Spawn Location: 7:00

soul

  • Race: Terran Terran
  • League: Grandmaster
  • Spawn Location: 1:00

VOD

Have the link to the VOD?

Description

Time

  • Played on: Oct. 23, 2020, 2:41 p.m.
  • Length: 16:26
Show
View Real Time Build Order
Export as new Build Order

uwuThermal Terran - Winner!

Build Orders: Mech 

Get SALT Encoding   

  12  0:00  SCV  
  13  0:12  SCV  
  14  0:16  Supply Depot  
  14  0:24  SCV  
  15  0:38  SCV  
  15  0:39  Barracks  
  16  0:43  Refinery  
  16  0:50  SCV  
  16  0:52  Refinery  
  17  1:02  SCV  
  18  1:14  SCV  
  19  1:26  Reaper, Orbital Command  
  19  1:28  Supply Depot  
  20  1:42  Factory  
  20  1:52  SCV  
  21  1:58  Reaper  
  22  2:04  SCV  
  23  2:17  SCV  
  24  2:25  Command Center  
  24  2:29  SCV  
  24  2:32  Hellion  
  24  2:34  Barracks Reactor  
  26  2:41  SCV  
  27  2:45  Starport  
  27  2:53  SCV  
  27  2:54  Supply Depot  
  28  3:01  Widow Mine  
  28  3:05  SCV  
  31  3:16  Marine x2  
  31  3:17  SCV  
  34  3:22  Medivac, Factory Tech Lab  
  36  3:29  SCV  
  36  3:33  Marine x2  
  39  3:37  Orbital Command  
  42  3:41  Cyclone  
  42  3:43  SCV  
  42  3:47  Refinery  
  43  3:51  Marine  
  43  3:52  Marine  
  45  3:57  Starport Tech Lab  
  45  3:58  SCV  
  45  4:00  Supply Depot  
  46  4:03  SCV  
  46  4:09  Marine  
  48  4:10  SCV, Marine  
  48  4:15  SCV  
  48  4:16  Raven  
  53  4:22  SCV  
  53  4:24  Supply Depot  
  54  4:28  Marine x2  
  54  4:30  SCV  
  57  4:32  Siege Tank  
  57  4:37  SCV  
  61  4:42  SCV  
  62  4:47  Supply Depot, Marine x2  
  62  4:49  SCV  
  65  4:54  SCV  
  65  4:59  Raven  
  68  5:01  SCV  
  68  5:06  SCV  
  70  5:08  Command Center  
  70  5:12  Siege Tank  
  70  5:13  Marine  
  74  5:17  Refinery  
  74  5:20  SCV, Supply Depot  
  75  5:23  Marine  
  75  5:27  SCV  
  77  5:31  Marine  
  77  5:33  Supply Depot  
  78  5:40  Supply Depot  
  78  5:41  SCV x2  
  78  5:42  Raven  
  82  5:44  Marine  
  82  5:49  Marine  
  84  5:53  SCV x2  
  84  5:54  Siege Tank  
  84  5:56  Supply Depot  
  89  6:02  Marine  
  90  6:05  SCV x2, Engineering Bay  
  90  6:06  Marine  
  93  6:17  SCV  
  93  6:18  SCV  
  95  6:29  Siege Tank  
  95  6:30  SCV  
  95  6:31  SCV  
  95  6:32  Factory  
  99  6:33  Factory  
  99  6:38  Barracks Reactor  
  99  6:40  Viking x2  
  99  6:42  SCV  
  99  6:43  SCV, Refinery, Orbital Command  
  99  6:46  Refinery  
  105  6:54  SCV  
  106  6:55  SCV  
  106  6:58  Supply Depot  
  110  7:01  Siege Tank  
  110  7:06  SCV  
  110  7:07  SCV  
  110  7:09  SCV  
  110  7:10  Viking x2  
  115  7:17  Supply Depot  
  115  7:18  SCV  
  115  7:19  SCV  
  115  7:20  Siege Tank  
  115  7:21  SCV  
  121  7:26  Supply Depot  
  121  7:28  Hellion x2  
  125  7:30  SCV  
  125  7:32  SCV  
  125  7:33  SCV, Hellion  
  130  7:40  Viking  
  130  7:42  Viking, SCV  
  130  7:44  SCV  
  133  7:45  SCV  
  133  7:51  Hellion x2  
  133  7:58  SCV  
  129  7:59  SCV  
  129  8:00  Armory  
  129  8:01  Armory, Hellion  
  126  8:05  Hellion  
  126  8:10  Viking  
  115  8:16  Hellion  
  115  8:17  Viking  
  115  8:18  SCV  
  108  8:22  Siege Tank  
  108  8:24  Hellion  
  108  8:26  SCV, Siege Tank  
  104  8:37  Hellion  
  104  8:40  Viking  
  106  8:46  Hellion  
  106  8:47  Viking  
  107  8:49  SCV, Terran Vehicle Weapons Level 1  
  107  8:50  Terran Vehicle And Ship Armor Level 1  
  107  8:54  SCV, Siege Tank  
  112  8:58  Siege Tank  
  112  9:00  Factory  
  115  9:03  Factory  
  115  9:04  Missile Turret x2  
  115  9:05  Hellion  
  115  9:06  Missile Turret  
  117  9:11  Missile Turret  
  117  9:12  Missile Turret  
  117  9:14  Missile Turret, Sensor Tower  
  117  9:19  Hellion, Smart Servos, Infernal Pre-Igniter  
  117  9:23  Viking  
  121  9:27  Viking  
  121  9:30  Siege Tank  
  126  9:33  Hellion  
  126  9:37  Supply Depot  
  128  9:40  Hellion, Siege Tank  
  131  9:51  Factory Reactor, Factory Tech Lab  
  121  9:53  Viking  
  121  9:56  Missile Turret  
  121  9:57  Viking  
  121  9:59  Missile Turret  
  125  10:01  Hellion  
  125  10:02  Hellion  
  125  10:04  Siege Tank  
  132  10:09  Command Center  
  132  10:13  Hellion  
  134  10:18  Hellion, Sensor Tower  
  136  10:22  Hi-Sec Auto Tracking  
  136  10:24  Viking  
  136  10:27  Viking  
  136  10:32  Hellion  
  136  10:34  Hellion x2, Siege Tank  
  145  10:39  Hellion x2  
  149  10:47  Siege Tank  
  149  10:49  Supply Depot, Terran Vehicle Weapons Level 2  
  152  10:51  Supply Depot  
  152  10:53  Hellion  
  154  10:59  Hellion  
  154  11:03  Supply Depot  
  156  11:07  Siege Tank  
  156  11:10  Viking x2  
  156  11:11  Hellion  
  163  11:20  Hellion, Missile Turret, Siege Tank  
  163  11:24  Terran Vehicle And Ship Armor Level 2  
  168  11:29  SCV x3  
  171  11:35  Refinery  
  171  11:41  SCV x3  
  171  11:44  Siege Tank  
  171  11:46  Hellion  
  179  11:49  Planetary Fortress  
  179  11:50  Missile Turret  
  179  11:52  Refinery  
  179  11:53  SCV  
  181  11:54  Siege Tank  
  181  11:58  Viking  
  181  12:01  Viking  
  185  12:06  Hellion  
  185  12:08  Hellion x2  
  189  12:16  Hellion x2  
  189  12:17  Missile Turret  
  189  12:18  Missile Turret  
  189  12:20  Missile Turret  
  193  12:25  Siege Tank  
  196  12:50  Command Center  
  196  13:14  Siege Tank, Liberator  
  196  13:15  Liberator  
  196  13:16  Hellion  
  196  13:17  Hellion x3  
  196  13:18  Siege Tank  
  196  13:19  Siege Tank  
  181  13:38  Hellion x2  
  181  13:39  Hellion  
  181  13:40  Hellion  
  180  13:44  Supply Depot x2, Terran Vehicle Weapons Level 3  
  180  14:02  Hellion, Siege Tank x3, Liberator  
  194  14:05  Orbital Command  
  194  14:07  Hellion  
  187  14:15  Viking  
  187  14:24  Orbital Command  
  174  14:44  Hellion, Siege Tank  
  179  14:45  Siege Tank  
  179  14:46  Hellion x2, Siege Tank  
  179  14:49  Viking x2  
  179  14:52  Missile Turret  
  193  14:54  Missile Turret  
  193  14:56  Missile Turret  
  193  14:59  Missile Turret  
  141  15:15  Hellion x2  
  141  15:16  Thor  
  145  15:32  Siege Tank  
  145  15:33  Hellion, Siege Tank  
  149  15:36  Hellion  
  151  15:54  Hellion  
  153  16:01  Hellion  
  153  16:03  Hellion  
Show
View Real Time Build Order
Export as new Build Order

soul Terran 

Build Orders: Reaper Expand 

Get SALT Encoding   

  12  0:00  SCV  
  13  0:12  SCV  
  14  0:17  Supply Depot  
  14  0:24  SCV  
  15  0:38  SCV  
  15  0:39  Barracks  
  16  0:43  Refinery  
  16  0:50  SCV  
  17  1:02  SCV  
  18  1:14  SCV  
  19  1:27  Reaper, Orbital Command  
  20  1:44  Command Center  
  20  1:52  SCV  
  21  1:54  Supply Depot  
  21  1:58  Marine  
  22  2:05  SCV  
  22  2:08  Factory  
  23  2:14  Refinery  
  23  2:17  SCV  
  23  2:18  Marine  
  25  2:26  Bunker  
  25  2:29  SCV  
  26  2:38  Barracks Reactor  
  26  2:41  SCV  
  27  2:51  Hellion, Starport  
  27  2:57  Orbital Command  
  29  3:01  SCV  
  29  3:02  Orbital Command  
  30  3:12  Refinery  
  30  3:13  Factory Tech Lab  
  30  3:15  Marine x2  
  32  3:21  SCV  
  33  3:28  SCV  
  33  3:31  Viking  
  39  3:34  Siege Tank  
  39  3:36  SCV  
  39  3:40  Supply Depot  
  40  3:43  SCV  
  40  3:48  SCV  
  42  3:49  Marine  
  42  3:50  Supply Depot  
  42  3:52  Marine  
  44  3:57  SCV  
  44  4:00  SCV  
  46  4:09  SCV  
  47  4:10  Raven  
  47  4:11  Marine x2  
  47  4:12  SCV  
  47  4:13  Factory Tech Lab  
  52  4:20  Supply Depot  
  52  4:21  SCV  
  53  4:24  SCV  
  54  4:34  Command Center  
  54  4:36  Siege Tank  
  57  4:39  SCV  
  57  4:40  SCV  
  57  4:43  Supply Depot  
  59  4:46  Marine x2  
  59  4:51  SCV  
  63  4:55  Raven, Supply Depot  
  63  4:56  SCV  
  65  5:03  SCV  
  66  5:08  SCV, Siege Tank  
  66  5:12  Refinery, Marine x2  
  72  5:15  SCV  
  72  5:18  Supply Depot  
  72  5:20  SCV  
  74  5:26  Barracks  
  74  5:27  SCV, Barracks  
  75  5:32  SCV  
  75  5:36  Engineering Bay  
  75  5:37  Engineering Bay  
  75  5:39  SCV  
  75  5:40  Siege Tank  
  79  5:45  SCV, Supply Depot  
  79  5:48  Orbital Command  
  80  5:51  Stimpack  
  80  5:55  SCV  
  82  5:57  SCV  
  82  6:00  Viking  
  82  6:03  Viking  
  86  6:06  Terran Infantry Weapons Level 1  
  86  6:11  Missile Turret, Terran Infantry Armor Level 1  
  86  6:16  Barracks Reactor x2  
  86  6:18  SCV, Marine  
  87  6:21  SCV  
  87  6:22  Supply Depot  
  88  6:26  Siege Tank  
  88  6:30  SCV, Orbital Command  
  91  6:32  Viking  
  91  6:33  SCV  
  91  6:37  Missile Turret, Marine  
  95  6:42  SCV  
  95  6:45  SCV  
  95  6:46  Barracks  
  97  6:47  Barracks  
  96  6:54  SCV, Marine  
  96  6:56  Marine x4  
  96  7:00  SCV  
  102  7:09  SCV  
  102  7:11  SCV  
  102  7:12  Marine  
  102  7:14  Marine x4  
  106  7:18  Siege Tank  
  106  7:19  Medivac x2  
  106  7:20  SCV  
  106  7:26  SCV  
  106  7:29  SCV  
  108  7:30  Marine  
  108  7:31  Combat Shield, Marine  
  108  7:32  Marine x2  
  108  7:33  SCV  
  108  7:34  Marine  
  105  7:38  SCV  
  105  7:41  SCV  
  106  7:48  Marine  
  106  7:49  Medivac, Marine x2  
  106  7:50  Marine  
  108  7:55  Medivac  
  108  7:56  Marine  
  104  8:06  Marine  
  104  8:08  Marine x3  
  104  8:09  SCV  
  94  8:14  Marine  
  94  8:18  Marine, Siege Tank  
  94  8:19  Marine  
  78  8:23  Marine  
  78  8:26  Marine x3  
  74  8:32  Marine  
  67  8:36  SCV x2, Marine x2  
  67  8:41  Marine  
  67  8:43  Marine  
  67  8:44  Marine x2  
  62  8:48  SCV x2  
  62  8:49  Marine  
  64  8:56  Orbital Command  
  64  8:59  Marine  
  64  9:00  SCV x2, Barracks Tech Lab x2  
  64  9:01  Concussive Shells, Marine x3  
  68  9:04  Liberator  
  68  9:07  Marine  
  70  9:12  SCV  
  70  9:13  SCV  
  70  9:16  Siege Tank  
  75  9:19  Marine x3  
  75  9:21  SCV  
  80  9:24  SCV  
  80  9:25  SCV, Marauder x2  
  80  9:27  Marauder, Marine  
  88  9:33  SCV  
  88  9:37  SCV x2  
  86  9:45  SCV  
  86  9:48  Siege Tank  
  86  9:49  SCV x2  
  90  9:56  Marauder x3  
  90  9:57  Marine x4  
  90  9:58  SCV  
  101  10:01  SCV x2  
  101  10:03  Medivac  
  105  10:10  SCV  
  105  10:11  Medivac  
  105  10:13  SCV x2  
  110  10:20  Refinery x2  
  110  10:21  Supply Depot x2  
  114  10:22  SCV  
  114  10:23  Marauder x3  
  114  10:25  Marine  
  118  10:29  Marine  
  118  10:32  SCV x2  
  118  10:33  Medivac  
  118  10:34  SCV  
  123  10:40  Armory  
  123  10:44  SCV x2, Marauder, Marine  
  123  10:45  Marauder x2  
  123  10:46  SCV  
  133  10:52  Supply Depot  
  133  10:54  Supply Depot, Siege Tank  
  133  10:56  Marine  
  135  11:06  Marauder  
  135  11:09  Marauder, Marine  
  135  11:13  Marauder, Marine  
  137  11:20  SCV x2, Supply Depot x2  
  137  11:22  Command Center  
  137  11:23  Marine  
  140  11:27  Marauder  
  140  11:28  Supply Depot  
  140  11:30  Supply Depot  
  140  11:32  Marauder  
  143  11:34  SCV x2  
  143  11:36  Marauder, Marine  
  148  11:42  Marine  
  148  11:43  Marine  
  148  11:44  SCV  
  151  11:49  Marauder  
  151  11:50  Siege Tank  
  151  11:52  Marine  
  151  11:53  Marauder  
  158  11:56  Medivac  
  158  11:58  Marauder  
  161  12:10  Marauder, Marine  
  161  12:13  Marine  
  161  12:15  Marauder, Marine  
  168  12:17  Marine  
  168  12:19  Marauder  
  168  12:21  SCV x2  
  168  12:22  SCV, Siege Tank  
  177  12:28  Marine  
  178  12:31  Marauder, Marine  
  178  12:33  SCV  
  178  12:36  Marauder  
  184  12:41  Marauder  
  184  12:43  Medivac x2  
  189  12:45  Terran Infantry Armor Level 2, Terran Infantry Weapons Level 2  
  189  12:48  SCV  
  190  12:53  Marauder  
  190  12:57  Marauder  
  194  13:03  Marauder, Marine x2  
  179  13:14  Marauder  
  179  13:16  Medivac  
  179  13:18  Siege Tank  
  140  13:20  Marine  
  140  13:21  Marauder  
  140  13:25  Marauder, Marine  
  130  13:31  Medivac  
  130  13:33  Marine  
  130  13:35  Marauder, Marine  
  130  13:39  Marine  
  125  13:42  Marauder  
  125  13:46  Medivac  
  125  13:47  Marauder  
  131  13:51  Planetary Fortress  
  131  13:52  Marine  
  131  13:57  Marauder  
  131  14:00  Marine  
  131  14:01  Medivac  
  131  14:02  Marine  
  134  14:04  Marauder  
  134  14:06  Marine  
  134  14:08  Marauder  
  139  14:10  Marine  
  139  14:16  Medivac  
  130  14:18  Marauder, Marine  
  130  14:20  Marine  
  130  14:23  Marine  
  116  14:25  Marauder  
  116  14:27  Marine  
  116  14:29  Marauder  
  116  14:31  Medivac, Siege Tank  
  123  14:35  Marine  
  123  14:37  Marine  
  118  14:40  Marauder  
  118  14:43  Marine  
  118  14:45  Marine  
  118  14:46  Medivac, Marauder  
  118  14:51  Marauder  
  124  14:53  Marine  
  124  14:56  Marine  
  122  15:00  Marine  
  122  15:01  Medivac, Marauder  
  122  15:03  Siege Tank  
  120  15:07  Marine  
  120  15:08  Marauder  
  120  15:11  Marine  
  120  15:12  Marauder  
  120  15:14  Marine  
  90  15:18  Marine  
  84  15:22  Marauder  
  84  15:25  Marine  
  87  15:29  Marine  
  87  15:31  Marine  
  93  15:36  Marine, Siege Tank  
  97  15:43  Marine  
  97  15:44  Marauder  
  99  15:56  Marine  
Tags
 
Composition
Mech
Matchup
TvT
Race
Terran
Spawn Locations
Cross Positions
Add a new tag
Caveats
  • Supply blocks, unpowered buildings, or Contaminate may cause inaccurate times.
  • Supply counts are checked every 10 seconds.